 Dungeon Crawl Stone Soup version 0.28-a0-474-g535839065c (webtiles) character file.

Game seed: 2044224251410630097

153 snetch the Chopper (level 5, -2/47 HPs)
             Began as a Minotaur Berserker on Sept 15, 2021.
             Was a Believer of Trog.
             Slain by Crazy Yiuf (5 damage)
             ... on level 2 of the Dungeon.
             The game lasted 00:06:18 (1828 turns).

snetch the Chopper (Minotaur Berserker)             Turns: 1828, Time: 00:06:19

Health: -2/47      AC: 14    Str: 23    XL:     5   Next: 12%
Magic:  0/4        EV:  8    Int:  4    God:    Trog [**....]
Gold:   87         SH:  0    Dex:  9    Spells: 4/4 levels left

rFire   . . .      SeeInvis .   f - +5 short sword (holy)
rCold   . . .      Faith    .   (no shield)
rNeg    + . .      Spirit   .   g - +1 chain mail {rN+}
rPois   .          Reflect  .   (helmet restricted)
rElec   .          Harm     .   (no cloak)
rCorr   .          Rampage  .   (no gloves)
Will    .....                   (no boots)
Stlth   ..........              (no amulet)
HPRegen 0.15/turn               d - +4 ring of protection
MPRegen 0.09/turn               (no ring)

@: confused, lethally poisoned (-2 -> -5)
A: horns 2, retaliatory headbutt
a: Renounce Religion, Berserk, Trog's Hand


You were on level 2 of the Dungeon.
You worshipped Trog.
Trog was pleased with you.
You visited 1 branch of the dungeon, and saw 3 of its levels.

You collected 87 gold pieces.

Inventory:

Hand Weapons
 a - a +0 hand axe
 f - a +5 short sword of holy wrath (weapon)
Missiles
 h - 41 stones (quivered)
 i - 31 arrows
 l - a throwing net
 m - 17 poisoned darts
Armour
 g - a +1 chain mail of positive energy (worn)
Jewellery
 d - a +4 ring of protection (left hand)
Wands
 k - a wand of flame (25)
Scrolls
 b - a scroll of magic mapping {unknown}
 e - a scroll of identify {unknown}
Potions
 c - 2 potions of heal wounds {unknown}
 j - a potion of curing {unknown}


   Skills:
 + Level 4.7 Fighting
 - Level 5.3 Axes
 + Level 3.7 Armour
 + Level 2.8 Dodging


You had 4 spell levels left.
You didn't know any spells.
Your spell library contained the following spells:

 Spells                   Type           Power      Damage    Failure   Level
 Ensorcelled Hibernation  Hex/Ice        0%         N/A       100%        2
 Tukima's Dance           Hex            0%         N/A       100%        3


Dungeon Overview and Level Annotations

Branches:
Dungeon (3/15)

Altars:
Cheibriados
Zin

Annotations:
D:2 Crazy Yiuf


Innate Abilities, Weirdness & Mutations

You have a pair of horns on your head.
You reflexively headbutt those who attack you in melee.


Message History

Found a mace.
Found a runed translucent door.
Crazy Yiuf shouts!
Crazy Yiuf says, "Scoff alas pontify!"
You open the door. You closely miss Crazy Yiuf.
Crazy Yiuf says, "Lay illywillydillykilly horse!"
Crazy Yiuf hits you with a +4 quarterstaff of chaos.
You are poisoned.
You hit Crazy Yiuf.
Crazy Yiuf is moderately wounded.
You feel very sick. Crazy Yiuf hits you but does no damage.
You hit Crazy Yiuf.
Crazy Yiuf is moderately wounded.
You feel very sick.
Crazy Yiuf hits you with a +4 quarterstaff of chaos!
You feel your power leaking away.
You hit Crazy Yiuf but do no damage.
Crazy Yiuf is moderately wounded.
You feel sick.
Crazy Yiuf hits you with a +4 quarterstaff of chaos.
You are confused.
Unknown command.
You are too confused!
You feel sick.
Crazy Yiuf screams, "Shadow hog tired!"
Crazy Yiuf hits you with a +4 quarterstaff of chaos.
Crazy Yiuf freezes you.
* * * LOW HITPOINT WARNING * * *
You bump into the tree.
You feel sick.
Crazy Yiuf hits you with a +4 quarterstaff of chaos!
* * * LOW HITPOINT WARNING * * *
Crazy Yiuf burns you.
* * * LOW HITPOINT WARNING * * *
You hit Crazy Yiuf. You headbutt Crazy Yiuf.
Crazy Yiuf is severely wounded.
* * * LOW HITPOINT WARNING * * *
You feel sick.
Crazy Yiuf hits you with a +4 quarterstaff of chaos.
You die...

..........###...##...........#
#. ######...##
#................###.
#####.....#
##############.......
.........## #.......
....##....# #.......
..........##♣♣ ### #.......
...........#.♣♣ ♣♣#..)#
#.......
.............P♣♣♣♣.'...#
#.......
...............♣@g♣#...#
#....... ##.........#..♣.♣♣♣
### #.....## ##........##♣♣♣♣♣
#....... ..........# #.......
##........#
#############.......
#.........
#................... #........
#................... #........
#................... #........
#...................


You could see Crazy Yiuf.

Vanquished Creatures
  Terence (D:2)
  An orc wizard (D:3)
  4 adders (D:2)
  A worm (D:2)
  5 dart slugs
  4 orcs (D:3)
  7 ball pythons
  3 bats (D:1)
  3 endoplasms
  3 giant cockroaches
  2 goblins (D:1)
  3 hobgoblins
  4 jackals (D:3)
  4 kobolds (D:1)
  3 frilled lizards
  2 rats
50 creatures vanquished.

Notes
Turn   | Place    | Note
-------+----------+-------------------------------------------
     0 | D:1      | snetch the Minotaur Berserker began the quest for the Orb.
     0 | D:1      | Reached XP level 1. HP: 19/19 MP: 0/0
   253 | D:1      | Reached skill level 4 in Axes
   253 | D:1      | Reached XP level 2. HP: 27/27 MP: 1/1
   636 | D:2      | Noticed Terence
   636 | D:2      | Found a faded altar of an unknown god.
   640 | D:2      | Killed Terence
   641 | D:2      | Reached XP level 3. HP: 33/33 MP: 2/2
  1098 | D:2      | Reached XP level 4. HP: 41/41 MP: 3/3
  1174 | D:2      | Reached ** piety under Trog
  1210 | D:2      | Reached skill level 5 in Axes
  1298 | D:2      | You fall into a shaft and drop 1 floor!
  1370 | D:3      | Found a snail-covered altar of Cheibriados.
  1397 | D:3      | Found a glowing silver altar of Zin.
  1454 | D:3      | Reached XP level 5. HP: 45/47 MP: 4/4
  1816 | D:2      | Found a runed translucent door.
  1817 | D:2      | Noticed Crazy Yiuf
  1828 | D:2      | Slain by Crazy Yiuf

Illustrated notes

Levels and vault maps discovered:
D:1:      ebering_hopf_link, layout_basic
D:2:      layout_basic, basic_ecumenical_altar, hangedman_decor_points,
          uniq_crazy_yiuf_cottage, uniq_terence
D:3:      layout_basic, mainiacjoe_overflow_large_starburst

Skill      XL: |  1  2  3  4 |
---------------+-------------+-----
Axes           | 4 5 |  5.3
Fighting       | 4 |  4.7
Armour         | 3 |  3.7
Dodging        | |  2.8

Action                   |  1- 3 |  4- 6 || total
-------------------------+-------+-------++-------
Melee: Hand axe          |    56 |    49 ||   105
       Headbutt          |     7 |    11 ||    18
       Short sword       |       |     8 ||     8
Invok: Berserk           |     1 |       ||     1
Armor: Leather armour    |     8 |       ||     8
       Ring mail         |    20 |    23 ||    43
       Animal skin       |     1 |       ||     1
       Chain mail        |       |     3 ||     3
Dodge: Dodged            |    28 |    24 ||    52

Table legend: (Time is in decaauts)
 A = Elapsed time spent in this place.
 B = Non-inter-level travel time spent in this place.
 C = Inter-level travel time spent in this place.
 D = Time resting spent in this place.
 E = Time spent auto-exploring this place.
 F = Levels seen in this place.
 G = Mean time per level.
                   A        B        C        D        E       F      G
               +--------+--------+--------+--------+--------+-----+--------+
         Total |   1846 |   1818 |     28 |      0 |   1299 |   3 |  615.3 |
       Dungeon |   1846 |   1818 |     28 |      0 |   1299 |   3 |  615.3 |
               +--------+--------+--------+--------+--------+-----+--------+

Top non-repeatable levels by time:
     D:1: 980 daAuts
     D:2: 562 daAuts
     D:3: 303 daAuts
